 Dungeon Crawl Stone Soup version 0.29.1-4-g47bece8355 (webtiles) character file.

Game seed: 10156154490013561749

40 fantasyman the Insei (level 3, -2/18 HPs)
             Began as a Vine Stalker Transmuter on Dec 3, 2022.
             Slain by an adder (3 damage)
             ... on level 2 of the Dungeon.
             The game lasted 00:02:04 (1535 turns).

fantasyman the Insei (Vine Stalker Transmuter)      Turns: 1535, Time: 00:02:05

Health: -2/18      AC:  2    Str: 12    XL:     3   Next: 50%
Magic:  0/7        EV: 12    Int: 15    God:
Gold:   24         SH:  0    Dex: 14    Spells: 4/7 levels left

rFire   . . .      SeeInvis .     - Unarmed
rCold   . . .      Faith    .   (no shield)
rNeg    . . .      Spirit   +   a - +0 robe
rPois   .          Reflect  .   (helmet currently unavailable)
rElec   .          Harm     .   (no cloak)
rCorr   .          Rampage  .   (no gloves)
Will    .....                   (boots currently unavailable)
Stlth   ++........              (no amulet)
HPRegen 0.06/turn               (no ring)
MPRegen 0.10/turn               (no ring)

@: lethally poisoned (-2 -> -4), appendages (expiring), wereblooded, flying
A: horns 2, talons 2, fangs 2, magic shield, antimagic bite, no potion heal 2
a: End Transformation


You were on level 2 of the Dungeon.
You had temporarily grown beastly horns and talons.
You visited 1 branch of the dungeon, and saw 2 of its levels.

You collected 24 gold pieces.

Inventory:

Armour
 a - a +0 robe (worn)
Jewellery
 f - a ring of protection from fire
Scrolls
 d - a scroll of teleportation {unknown}
 e - a scroll of immolation {unknown}
 j - a scroll of enchant weapon {unknown}
Potions
 b - a potion of lignification
 c - a potion of flight
 g - a potion of mutation {unknown}
 h - a potion of brilliance {unknown}
 i - a potion of curing {unknown}


   Skills:
 * Level 1.1 Fighting
 * Level 1.7 Dodging
 * Level 0.9 Stealth
 * Level 3.6 Unarmed Combat
 * Level 2.5 Spellcasting
 * Level 2.3 Transmutations


You had 4 spell levels left.
You knew the following spells:

 Your Spells              Type           Power      Damage    Failure   Level
a - Beastly Appendage     Tmut           16%        N/A       9%          1
b - Wereblood             Tmut           8%         N/A       12%         2

Your spell library contained the following spells:

 Spells                   Type           Power      Damage    Failure   Level
 Passwall                 Tmut/Erth      4%         N/A       21%         2
 Ensorcelled Hibernation  Hex/Ice        2%         N/A       32%         2
 Spider Form              Tmut/Pois      5%         N/A       36%         3
 Call Canine Familiar     Summ           1%         N/A       54%         3
 Portal Projectile        Hex/Tloc       2%         N/A       54%         3
 Swiftness                Air            1%         N/A       54%         3
 Ice Form                 Ice/Tmut       5%         N/A       78%         4
 Leda's Liquefaction      Hex/Erth       0%         N/A       91%         4


Dungeon Overview and Level Annotations

Branches:
Dungeon (2/15)

Altars:


Innate Abilities, Weirdness & Mutations

You have temporarily grown beastly horns and talons.
You have extremely sharp teeth.
When hurt, damage is shared between your health and your magic reserves.
Your bite disrupts and absorbs the magic of your enemies.
Potions cannot restore your health.


Message History

You miscast Wereblood.
You are very lightly contaminated with residual magic.
Nothing appears to happen.
The goblin hits you with a +0 dagger.
Casting: Wereblood (safe; 13% risk of failure)
Confirm with . or Enter, or press ? or * to list all spells.
Your blood is infused with primal strength.
The goblin hits you with a +0 dagger.
Things that are here:
a +0 whip; 4 stones; a kobold corpse
Found a club.
You hit the goblin. You bite the goblin.
You feel a bit better.
You kill the goblin!
Your transformation is almost over.
The endoplasm freezes you.
You are frozen.
The adder bites you but does no damage.
You barely miss the adder. The endoplasm hits you.
A giant cockroach comes into view.
The adder completely misses you.
You are too injured to fight recklessly!
You are too injured to fight recklessly!
You are too injured to fight recklessly!
You closely miss the adder. Your kick misses the adder.
The endoplasm barely misses you. The adder bites you.
You miss the adder. Your kick misses the adder. The adder bites you.
You are poisoned.
The adder poisons you! The endoplasm barely misses you.
Your magical contamination has completely faded away.
You barely miss the adder. You punch the adder. Your bite misses the adder.
The adder is heavily wounded.
You feel sick. The adder bites you.
* * * LOW HITPOINT WARNING * * *
The endoplasm hits you.
* * * LOW HITPOINT WARNING * * *
The adder misses you.
It was a potion of flight.
You feel very buoyant.
You fly up into the air.
* * * LOW HITPOINT WARNING * * *
You feel sick. The endoplasm barely misses you. The adder bites you.
You die...

.............###
...............#
...............#
...............#
...............#
#...B.......#
####...........#
.....##SJ?#####
.......@...?##
.............##
..............#
.....########.##########
#.... #.......#≈§≈ #...
####.....§.. #...
##...#≈≈≈ #.)
#####...####
...........#


You could see an adder, an endoplasm and a giant cockroach.

Vanquished Creatures
  A gnoll (D:1)
  An adder (D:2)
  A worm (D:2)
  2 endoplasms
  2 goblins
  A hobgoblin (D:1)
  3 jackals (D:1)
  A frilled lizard (D:2)
  3 kobolds
  4 rats (D:1)
19 creatures vanquished.

Notes
Turn   | Place    | Note
-------+----------+-------------------------------------------
     0 | D:1      | fantasyman the Vine Stalker Transmuter began the quest for
                  | the Orb.
     0 | D:1      | Reached XP level 1. HP: 9/9 MP: 4/4
   218 | D:1      | Reached skill level 1 in Fighting
   218 | D:1      | Reached XP level 2. HP: 11/14 MP: 6/6
   722 | D:1      | You fall into a shaft and drop 1 floor!
   728 | D:2      | Learned a level 2 spell: Wereblood
   760 | D:2      | Reached XP level 3. HP: 3/18 MP: 0/7
  1535 | D:2      | Slain by an adder

Illustrated notes

Levels and vault maps discovered:
D:1:      minmay_arrival_five_plusses, layout_loops_corners,
          ebering_ecumenical_altar_sacrificial, kennysheep_flooded_box
D:2:      layout_basic, basic_altar, amcnicky_mini_rare_corridor_liquid

Skill      XL: |  1 |
---------------+----+-----
Fighting       | 1 |  1.1
Dodging        | |  1.7
Stealth        | |  0.9
Unarmed Combat | |  3.6
Spellcasting   | |  2.5
Transmutations | |  2.3

Action                   || total
-------------------------++-------
Melee: Unarmed           ||    50
       Kick              ||    15
       Headbutt          ||     8
       Bite              ||     7
       Punch             ||     1
 Cast: Beastly Appendage ||     9
       Wereblood         ||     1
  Use: Potion            ||     1
Armor: Robe              ||     4
Dodge: Dodged            ||    36
